 Dungeon Crawl Stone Soup version 0.30.1-3-gfc49f6343a (webtiles) character file.

Game seed: 11118438375675187478

1183 Zeor the Slasher (level 8, -13/61 HPs)
             Began as a Demonspawn Berserker on Aug 9, 2023.
             Was a Priest of Trog.
             Mangled by a sleepcap (18 damage)
             ... on level 6 of the Dungeon.
             The game lasted 00:15:14 (5022 turns).

Zeor the Slasher (Demonspawn Berserker)             Turns: 5022, Time: 00:15:15

Health: -13/61     AC: 13    Str: 19    XL:     8   Next: 19%
Magic:  8/8        EV:  2    Int:  8    God:    Trog [***...]
Gold:   348        SH:  0    Dex: 14    Spells: 7/7 levels left

rFire   . . .        a - +1 falchion (venom)
rCold   . . .        (no shield)
rNeg    . . .        o - +0 plate armour
rPois   +            (no helmet)
rElec   .            d - +0 cloak
rCorr   .            (no gloves)
SInv    .            (no boots)
Will    .....        (no amulet) Stlth
                     i - ring of poison resistance
HPRegen 0.30/turn    (no ring)
MPRegen 0.11/turn

%: no passive effects
@: sleeping, on berserk cooldown
A: hooves 1, sturdy frame 2
a: Renounce Religion, Berserk, Trog's Hand


You were on level 6 of the Dungeon.
You worshipped Trog.
Trog was most pleased with you.
You visited 1 branch of the dungeon, and saw 6 of its levels.

You collected 348 gold pieces.

Inventory:

Hand Weapons
 a - a +1 falchion of venom (weapon)
Missiles
 r - 4 poisoned darts (quivered)
Armour
 d - a +0 cloak (worn)
 o - a +0 plate armour (worn)
 p - a +0 pair of gloves
Jewellery
 i - a ring of poison resistance (left hand)
Wands
 k - a wand of mindburst (13)
 q - a wand of paralysis (13)
Scrolls
 b - a scroll of brand weapon
 c - 5 scrolls of teleportation
 n - 2 scrolls of fog
 s - a scroll of torment
 u - a scroll of immolation
Potions
 e - 2 potions of attraction
 f - a potion of lignification
 g - a potion of brilliance
 h - a potion of resistance
 j - 2 potions of might
 l - 2 potions of curing
 m - a potion of heal wounds {unknown}
 t - 2 potions of haste


   Skills:
 + Level 4.7 Fighting
 + Level 6.3 Long Blades
 + Level 0.3 Throwing
 + Level 5.3 Armour
 + Level 2.8 Dodging
 + Level 1.6 Stealth


You had 7 spell levels left.
You didn't know any spells.
Your spell library contained the following spells:

 Spells                   Type           Power      Damage    Failure   Level
 Blink                    Tloc           0%         N/A       99%         2
 Lesser Beckoning         Tloc           0%         N/A       99%         2
 Momentum Strike          Conj/Tloc      0%         3d8       99%         2


Dungeon Overview and Level Annotations

Branches:
Dungeon (6/15)             Temple (0/1) D:4

Altars:
Gozag
Makhleb
Nemelex Xobeh
Uskayaw

Shops:
D:1 *

Annotations:
D:5 2 transporters, booth's ghost, novice DsMo


Innate Abilities, Weirdness & Mutations

You have large cloven feet.
Your movements are less encumbered by armour. (ER -4)


Message History

You hit the sleepcap but do no damage. You kick the sleepcap.
The sleepcap is lightly damaged.
The sleepcap releases spores at you but does no damage.
You hit the sleepcap but do no damage.
You kick the sleepcap, but do no damage.
The sleepcap is lightly damaged.
The sleepcap releases spores at you but does no damage. x2
The sky beast flickers out of sight!
Deactivating autopickup; reactivate with Ctrl-A.
You hit the sleepcap but do no damage.
The sleepcap is poisoned.
You kick the sleepcap, but do no damage.
The sleepcap is lightly damaged.
The sleepcap releases spores at you but does no damage.
Something hits you but does no damage.
You hit the sleepcap.
You kick the sleepcap, but do no damage.
The sleepcap is moderately damaged.
The sleepcap releases spores at you but does no damage.
Something hits you.
* * * LOW HITPOINT WARNING * * *
Something shocks you.
* * * LOW HITPOINT WARNING * * *
The sleepcap releases spores at you but does no damage.
Something hits you but does no damage.
You hit something but do no damage. Your kick misses something.
Your attacks no longer feel as feeble.
The sleepcap closely misses you.
A sky beast appears from thin air!
Reactivating autopickup.
The sky beast barely misses you.
You barely miss the sky beast. You kick the sky beast.
The sky beast is moderately wounded.
The sleepcap closely misses you.
The sky beast flickers out of sight!
Deactivating autopickup; reactivate with Ctrl-A.
Something hits you but does no damage. x2; The sleepcap releases spores at you!
* * * LOW HITPOINT WARNING * * *
You are engulfed in a cloud of soporific spores!
You fall asleep.
You feel yourself speed up. The sleepcap releases spores at you!!
You die...

∙∙∙∙∙∙∙∙∙▒∙▒▒▒▒▒▒▒▒ ▒
▒▒▒▒▒∙∙∙∙▒∙∙∙∙▒∙∙∙▒ ∙▒
▒
▒∙∙▒▒▒▒▒▒▒∙∙∙▒∙▒▒∙∙▒▒∙∙
▒
▒∙∙∙∙∙▒∙∙∙∙▒∙∙∙∙∙∙∙∙∙∙∙
▒
▒∙▒▒▒∙▒∙∙∙∙∙∙∙∙∙∙∙∙∙∙∙∙
▒ ▒∙▒
▒∙▒∙▒▒▒▒▒)▒▒▒∙▒▒▒∙▒ ▒
▒∙▒ ▒∙∙∙▒ ▒†▒ $∙< ▒ ▒∙▒
▒▒▒▒▒ ▒{▒ ▒▒▒ ▒ ▒∙▒ ▒6▒
▒ ▒∙( ▒f▒ ▒ ▒▒∙ ∙∙∙ ▒
∙▒∙▒▒ ▒ ∙∙∙∙▒ ▒ ∙∙ ∙∙∙
▒ ▒▒∙ ∙∙∙ ▒ ▒ ∙▒∙∙


You could see a sleepcap (poisoned).

Vanquished Creatures
  2 ogres
  2 phantoms (D:5)
  6 killer bees (D:6)
  A howler monkey (D:6)
  A jelly (D:6)
  A gnoll bouda (D:6)
  4 hounds
  2 iguanas (D:4)
  An orc priest (D:3)
  A sleepcap (D:6)
  Jessica (D:2)
  6 gnolls
  7 adders
  3 ufetubi
  A dart slug (D:1)
  3 worms
  4 orcs
  6 bats
  7 endoplasms
  7 giant cockroaches
  9 goblins
  11 hobgoblins
  7 jackals
  A quokka (D:4)
  5 ball pythons
  5 frilled lizards
  8 kobolds
  5 rats
117 creatures vanquished.

Notes
Turn   | Place    | Note
-------+----------+-------------------------------------------
     0 | D:1      | Zeor the Demonspawn Berserker began the quest for the Orb.
     0 | D:1      | Reached XP level 1. HP: 18/18 MP: 1/1
   199 | D:1      | Gained mutation: You have large cloven feet. [demonic
                  | ancestry]
   199 | D:1      | Reached XP level 2. HP: 19/24 MP: 2/2
   212 | D:1      | Reached skill level 3 in Long Blades
   213 | D:1      | Found a faded altar of an unknown god.
   339 | D:1      | Found Xaeq's General Store.
   482 | D:1      | Reached ** piety under Trog
   619 | D:1      | Reached XP level 3. HP: 29/29 MP: 3/3
   966 | D:2      | Reached XP level 4. HP: 34/35 MP: 4/4
  1067 | D:2      | Noticed Jessica
  1081 | D:2      | Killed Jessica
  1445 | D:2      | Reached skill level 4 in Long Blades
  1679 | D:3      | Found a sparkling altar of Nemelex Xobeh.
  1737 | D:3      | Found a hide-covered altar of Uskayaw.
  1913 | D:3      | Reached XP level 5. HP: 42/42 MP: 5/5
  2784 | D:4      | Reached *** piety under Trog
  2813 | D:4      | Gained mutation: Your movements are slightly less
                  | encumbered by armour. (ER -2) [demonic ancestry]
  2813 | D:4      | Reached XP level 6. HP: 40/48 MP: 6/6
  3002 | D:4      | Found a staircase to the Ecumenical Temple.
  3296 | D:4      | Found a burning altar of Makhleb.
  3296 | D:4      | Found an opulent altar of Gozag.
  3407 | D:5      | Entered Level 5 of the Dungeon
  3429 | D:5      | Reached skill level 5 in Long Blades
  3509 | D:5      | Found a transporter.
  3510 | D:5      | Noticed booth's ghost (novice DsMo)
  3511 | D:5      | Found a transporter.
  3511 | D:5      | Identified the +7 dire flail of Purpose {freeze, Drain rC+
                  | rN++ Str+5}
  3989 | D:5      | Gained mutation: Your movements are less encumbered by
                  | armour. (ER -4) [demonic ancestry]
  3989 | D:5      | Reached XP level 7. HP: 54/54 MP: 7/7
  4563 | D:6      | Reached skill level 6 in Long Blades
  4563 | D:6      | Reached skill level 1 in Stealth
  4934 | D:6      | Reached skill level 5 in Armour
  4989 | D:6      | Reached XP level 8. HP: 38/61 MP: 8/8
  5022 | D:6      | Mangled by a sleepcap

Illustrated notes

Levels and vault maps discovered:
D:1:      nzn_arrival_depleted_hourglass, layout_rooms, serial_shops,
          nicolae_shop_advertising_works [nicolae_subvault_shop_adworks],
          ebering_ecumenical_altar_sacrificial, minmay_tripent
D:2:      layout_loops_ring, uniq_jessica
D:3:      minmay_diamond_boxcup, layout_loops_corners,
          mainiacjoe_overflow_brackets, overflow_temple_1_default,
          kennysheep_potato
D:4:      layout_cave_pools, nicolae_overflow_two_pavilions,
          minmay_temple_entry_grid
D:5:      layout_loops_corners, gammafunk_ghost_smash, serial_co_window_serial,
          co_window_paths_a, co_window_of_opportunity_a,
          co_window_of_opportunity_a, co_window_of_opportunity_a,
          co_window_of_opportunity_a, co_window_paths_a,
          co_window_unsneaky_path_a, co_window_broadway_b, co_window_cross_2,
          glass_columns_b, glass_columns_a, glass_columns_a, glass_columns_a,
          glass_columns_b
D:6:      layout_loops_ring, tso_metal_star, slow_altar_1,
          mainiacjoe_overflow_paths, minmay_misc_feat_roman, minmay_manual_mess

Skill      XL: |  1  2  3  4  5  6  7 |
---------------+----------------------+-----
Long Blades    | 3 4 5 6 |  6.3
Armour         | 2 3 4 5 |  5.3
Dodging        | 2 |  2.8
Fighting       | 4 |  4.7
Stealth        | 1 |  1.6
Throwing       | |  0.3

Action                     |  1- 3 |  4- 6 |  7- 9 || total
---------------------------+-------+-------+-------++-------
  Melee: Falchion          |    88 |   196 |    74 ||   358
         Kick              |    12 |    47 |    21 ||    80
         Punch             |     2 |     1 |       ||     3
  Throw: Dart              |       |       |     2 ||     2
 Invoke: Berserk           |       |       |     1 ||     1
    Use: Scroll            |     6 |     6 |       ||    12
         Potion            |     1 |       |     5 ||     6
 Armour: Scale mail        |    29 |    13 |       ||    42
         Animal skin       |     2 |       |       ||     2
         Skin              |     2 |       |       ||     2
         Plate armour      |       |   101 |    54 ||   155
  Dodge: Dodged            |    53 |    63 |    36 ||   152
